 Dungeon Sprint DCSS version 0.31-a0-496-g6f97920a28 (webtiles) character file.

Game seed: 13562681131922622967

599 Midn8 the Grappler (level 7, -15/80 HPs)
             Began as a Troll Berserker on Aug 8, 2023.
             Was a Priest of Trog.
             Succumbed to Sonja's poison
             ... in the Dungeon (Sprint I: "Red Sonja").
             The game lasted 00:01:27 (224 turns).

Midn8 the Grappler (Troll Berserker)                 Turns: 224, Time: 00:01:28

Health: -15/80     AC:  4    Str: 26    XL:     7   Next: 17%
Magic:  6/6        EV: 10    Int:  3    God:    Trog [***...]
Gold:   315        SH:  0    Dex: 11    Spells: 6/6 levels left

rFire   . .          .
                       - Unarmed
rCold   . . .        (no shield)
rNeg    . . .        a - +0 animal skin
rPois   .            (helmet restricted)
rElec   .            (no cloak)
rCorr   .            (gloves unavailable)
SInv    .            (boots unavailable)
Will    .....        (no amulet)
Stlth   +            (no ring)
HPRegen 1.13/turn    (no ring)
MPRegen 0.10/turn

%: no teleportation
@: lethally poisoned (-15 -> -83), on berserk cooldown, slowed, very slow
A: large, unfitting armour, claws 3, regeneration 1, shaggy fur 1, tough skin 1
a: Renounce Religion, Berserk, Trog's Hand


You were in the Dungeon.
You worshipped Trog.
Trog was most pleased with you.
You visited 1 branch You collected 315 gold pieces.

Inventory:

Armour
 a - a +0 animal skin (worn)
Wands
 h - a wand of charming (3)
Scrolls
 g - 2 scrolls of blinking
Potions
 c - a potion of heal wounds
 d - a potion of haste
 e - 2 potions of magic
 f - a potion of berserk rage


   Skills:
 + Level 8.0 Fighting
 - Level 2.4 Dodging
 * Level 12.9 Unarmed Combat


You had 6 spell levels left.
You didn't know any spells.
Your spell library was empty.

Dungeon Overview and Level Annotations

Branches:
Dungeon (1/1)

Altars:
Cheibriados
Dithmenos
Elyvilon
Fedhas
Gozag
Hepliaklqana
Kikubaaqudgha
Makhleb
Nemelex Xobeh
Okawaru
Qazlal
Ru
Sif Muna
Trog
Uskayaw
Vehumet
Wu Jian
Xom
Yredelemnul
Zin
The Shining One
Jiyva
Lugonu

Shops:
D (


Innate Abilities, Weirdness & Mutations

You are too large for most types of armour.
You have claws for hands.
Your natural rate of healing is unusually fast.
You are covered in fur. (AC +1)
You have tough skin. (AC +1)


Message History

You completely miss Sonja.
You feel very sick. Sonja closely misses you.
Sonja hits you with a +1 dagger of venom.
You are more poisoned.
Sonja barely misses you.
You claw Sonja!
Sonja is heavily wounded.
You feel very sick. Sonja barely misses you.
Sonja hits you with a +1 dagger of venom!
You are more poisoned.
Sonja hits you with a +1 dagger of venom.
You are more poisoned.
Sonja bows elegantly.
Sonja hits you with a +1 dagger of venom!
* * * LOW HITPOINT WARNING * * *
You are more poisoned.
Sonja hits you with a +1 dagger of venom.
* * * LOW HITPOINT WARNING * * *
You are more poisoned.
Sonja completely misses you.
You barely miss Sonja.
Sonja is heavily wounded.
* * * LOW HITPOINT WARNING * * *
You feel extremely sick.
Sonja hits you with a +1 dagger of venom.
* * * LOW HITPOINT WARNING * * *
You are more poisoned.
Sonja hits you with a +1 dagger of venom.
* * * LOW HITPOINT WARNING * * *
You are more poisoned.
Sonja hits you but does no damage.
You are more poisoned.
Unknown command.
You mangle Sonja!!
You kill Sonja!
Trog accepts your kill.
Trog appreciates your killing of a magic user.
You die...

###################
#<.#.))..#.)'..#__#
#..'..#..'..#..'..+
#..#####'#####'#__#
#..####..#...#.####
#..#__####..##[#
#..#_____##'#_.+
#⌠⌠#_.∩...†.@._#
####_..__##_)#'#
#_____###'#.#
####### #.### $.$
$.$ ##.## #+#


There were no monsters in sight!

Vanquished Creatures
  Sonja (D)
  Sigmund (D)
  A slime creature (D)
  A yak (D)
  An ogre (D)
  A jelly (D)
  Ijyb (D)
7 creatures vanquished.

Notes
Turn   | Place    | Note
-------+----------+-------------------------------------------
     0 | D        | Midn8 the Troll Berserker began the quest for the Orb.
     0 | D        | Reached XP level 1. HP: 22/22 MP: 0/0
     2 | D        | Noticed Ijyb
    12 | D        | Killed Ijyb
    13 | D        | Reached skill level 5 in Unarmed Combat
    13 | D        | Reached XP level 2. HP: 32/32 MP: 1/1
    45 | D        | Noticed an ogre
    49 | D        | Killed an ogre
    50 | D        | Reached skill level 5 in Fighting
    50 | D        | Reached skill level 8 in Unarmed Combat
    50 | D        | Reached XP level 3. HP: 42/42 MP: 2/2
    50 | D        | Reached XP level 4. HP: 50/50 MP: 3/3
    62 | D        | Noticed Sigmund
    67 | D        | Killed Sigmund
    67 | D        | Reached ** piety under Trog
    68 | D        | Reached skill level 10 in Unarmed Combat
    68 | D        | Reached XP level 5. HP: 61/61 MP: 4/4
    68 | D        | Reached XP level 6. HP: 68/68 MP: 5/5
   112 | D        | Found an ornate altar of the Wu Jian Council.
   112 | D        | Found a shimmering blue altar of Sif Muna.
   114 | D        | Found a radiant altar of Vehumet.
   118 | D        | Reached skill level 11 in Unarmed Combat
   150 | D        | Found Jowneq's Antique Weapon Emporium.
   150 | D        | Found an ancient bone altar of Kikubaaqudgha.
   150 | D        | Found a hazy altar of Hepliaklqana.
   150 | D        | Found a stormy altar of Qazlal.
   150 | D        | Found a hide-covered altar of Uskayaw.
   150 | D        | Found a blossoming altar of Fedhas.
   150 | D        | Found a bloodstained altar of Trog.
   150 | D        | Found an iron altar of Okawaru.
   150 | D        | Found a basalt altar of Yredelemnul.
   150 | D        | Found a glowing golden altar of the Shining One.
   150 | D        | Found a snail-covered altar of Cheibriados.
   150 | D        | Found a sacrificial altar of Ru.
   150 | D        | Found a glowing silver altar of Zin.
   150 | D        | Found a shadowy altar of Dithmenos.
   150 | D        | Found a white marble altar of Elyvilon.
   150 | D        | Noticed a yak
   154 | D        | Killed a yak
   155 | D        | Reached skill level 12 in Unarmed Combat
   155 | D        | Found an opulent altar of Gozag.
   156 | D        | Found a sparkling altar of Nemelex Xobeh.
   171 | D        | Found a viscous altar of Jiyva.
   171 | D        | Found a corrupted altar of Lugonu.
   171 | D        | Noticed a slime creature
   172 | D        | Found a burning altar of Makhleb.
   172 | D        | Found a shimmering altar of Xom.
   179 | D        | Killed a slime creature
   180 | D        | Reached XP level 7. HP: 58/80 MP: 6/6
   214 | D        | Noticed Sonja
   223 | D        | HP: 3/80 [Sonja/+1 dagger of venom (3)]
   223 | D        | HP: 1/80 [Sonja/+1 dagger of venom (2)]
   224 | D        | Killed Sonja
   224 | D        | Reached *** piety under Trog
   224 | D        | Succumbed to Sonja's poison

Illustrated notes

Levels and vault maps discovered:
D:        dungeon_sprint_1 [red_sonja_temple_1, red_sonja_temple_small_1]

Skill      XL: |  1  2  3  4  5  6 |
---------------+-------------------+-----
Fighting       | 3 5 6 8 |  8.0
Unarmed Combat | 5 8 10 12 | 12.9
Dodging        | |  2.4

Action                     |  1- 3 |  4- 6 |  7- 9 || total
---------------------------+-------+-------+-------++-------
  Melee: Unarmed           |     7 |    14 |     4 ||    25
         Punch             |     1 |       |       ||     1
 Invoke: Berserk           |     1 |     2 |       ||     3
    Use: Potion            |       |       |     1 ||     1
 Armour: Animal skin       |     1 |     2 |     2 ||     5
  Dodge: Dodged            |     2 |     1 |     7 ||    10

Table legend: (Time is in decaauts)
 A = Elapsed time spent in this place.
 B = Non-inter-level travel time spent in this place.
 C = Inter-level travel time spent in this place.
 D = Time resting spent in this place.
 E = Time spent auto-exploring this place.
 F = Levels seen in this place.
 G = Mean time per level.
                   A        B        C        D        E       F      G
               +--------+--------+--------+--------+--------+-----+--------+
         Total |    249 |    249 |      0 |    115 |      0 |   1 |  249.0 |
       Dungeon |    249 |    249 |      0 |    115 |      0 |   1 |  249.0 |
               +--------+--------+--------+--------+--------+-----+--------+

Top non-repeatable levels by time:
       D: 249 daAuts
